 Seeded DCSS version 0.30.1 (webtiles) character file.

Game seed: 7229806256980976716 (custom seed)

4749 McKennaii the Destroyer (level 10, -5/69 HPs)
             Began as a Demigod Conjurer on July 13, 2023.
             Slain by an orc warlord
             ... wielding a +5 executioner's axe
              (21 damage)
             ... in a bailey.
             The game lasted 00:11:47 (9888 turns).

McKennaii the Destroyer (Demigod Conjurer)          Turns: 9888, Time: 00:11:47

Health: -5/69      AC:  5    Str: 17    XL:     10   Next: 3%
Magic:  2/27       EV: 12    Int: 37    God:
Gold:   143        SH:  5    Dex: 12    Spells: 12/27 levels left

rFire   . . .        M - +8 trident "Idaugra" {freeze, Stlth+}
rCold   + + .        (no shield)
rNeg    + . .        a - +0 robe
rPois   +            e - +2 hat of Kikubaaqudgha's Wrath {Drain Str+3 SInv}
rElec   +            (no cloak)
rCorr   +            r - +0 pair of gloves
SInv    +            (no boots)
Will    +....        g - amulet "Diuj" {Reflect Str+6 Int+5 SH+5}
Stlth   +++          h - ring "Forget-Me-Not" {rElec rN+}
HPRegen 0.31/turn    p - ring of resist corrosion
MPRegen 0.20/turn

%: reflection
@: no status effects
A: high MP 1, forlorn, divine attributes, cold resistance 2, poison resistance,
screaming 1
a: no special abilities


You were in a bailey.
You visited 1 branch of the dungeon, and saw 7 of its levels.
You also visited: Ossuary and Bailey.

You collected 395 gold pieces.
You spent 252 gold pieces at shops.

Inventory:

Hand Weapons
 M - the +8 trident "Idaugra" (weapon) {freeze, Stlth+}
   (You found it on level 7 of the Dungeon)

   Stlth:     It makes you more stealthy.
Missiles
 c - 2 throwing nets
Armour
 a - a +0 robe (worn)
 e - the +2 hat of Kikubaaqudgha's Wrath (worn) {Drain Str+3 SInv}
   (You acquired it on level 1 of the Dungeon)

   Str:       It affects your strength (+3).
   SInv:      It lets you see invisible.
   Drain:     It drains your maximum health when unequipped.
 r - a +0 pair of gloves (worn)
Magical Staves
 u - a staff of earth
Jewellery
 g - the amulet "Diuj" (around neck) {Reflect Str+6 Int+5 SH+5}
   (You acquired it on level 1 of the Dungeon)

   [amulet of reflection]

   It reflects blocked missile attacks.
   Str:       It affects your strength (+6).
   Int:       It affects your intelligence (+5).
   SH:        It affects your SH (+5).
 h - the ring "Forget-Me-Not" (left hand) {rElec rN+}
   (You acquired it on level 1 of the Dungeon)

   [ring of positive energy]

   rElec:     It insulates you from electricity.
   rN:        It protects you from negative energy.
 p - a ring of resist corrosion (right hand)
 L - a ring of positive energy
Scrolls
 d - 3 scrolls of amnesia
 f - a scroll of teleportation
 i - 2 scrolls of enchant armour
 k - 2 scrolls of blinking
 l - 2 scrolls of enchant weapon {unknown}
 s - 2 scrolls of poison {unknown}
 v - 4 scrolls of vulnerability {unknown}
 w - a scroll of fog {unknown}
 y - 3 scrolls of silence {unknown}
 A - a scroll of butterflies {unknown}
 C - 3 scrolls of magic mapping {unknown}
 F - 2 scrolls of brand weapon {unknown}
 J - 2 scrolls of torment {unknown}
 K - 2 scrolls of immolation {unknown}
Potions
 b - a potion of resistance {unknown}
 m - 4 potions of might
 n - a potion of invisibility
 o - 8 potions of curing
 q - 3 potions of brilliance {unknown}
 t - 2 potions of cancellation {unknown}
 x - a potion of ambrosia {unknown}
 z - a potion of berserk rage {unknown}
 B - 4 potions of attraction {unknown}
 D - a potion of degeneration {unknown}
 E - 2 potions of flight {unknown}
 G - 3 potions of lignification {unknown}
 H - 3 potions of heal wounds {unknown}
 I - 2 potions of haste {unknown}


   Skills:
 - Level 1.7 Dodging
 - Level 1.7 Stealth
 + Level 9.2 Spellcasting
 + Level 10.5 Conjurations


You had 12 spell levels left.
You knew the following spells:

 Your Spells              Type           Power      Damage    Failure   Level
a - Magic Dart            Conj           100%       1d8       1%          1
b - Searing Ray           Conj           100%       2d8       1%          2
c - Iskenderun's Mystic   Conj/Tloc      54%        2d12      2%          4
d - Stone Arrow           Conj/Erth      100%       3d13      1%          3
f - Freezing Cloud        Conj/Ice/Air   21%        6-21      16%         5

Your spell library contained the following spells:

 Spells                   Type           Power      Damage    Failure   Level
 Dazzling Flash           Conj/Hex       100%       N/A       1%          3
 Mephitic Cloud           Conj/Pois/Air  43%        N/A       1%          3
 Sandblast                Erth           34%        2d9       2%          1
 Fulminant Prism          Conj/Hex       27%        3d14      2%          4
 Cigotuvi's Dreadful Rot  Necr/Pois/Air  34%        N/A       3%          2
 Passwall                 Tmut/Erth      14%        N/A       3%          2
 Poisonous Vapours        Pois/Air       34%        N/A       3%          2
 Dispel Undead            Necr           17%        3d10      24%         4
 Petrify                  Tmut/Erth      17%        N/A       24%         4
 Metabolic Englaciation   Hex/Ice        8%         N/A       54%         5
 Death Channel            Necr           8%         N/A       98%         6
 Statue Form              Tmut/Erth      11%        N/A       98%         6


Dungeon Overview and Level Annotations

Branches:
Dungeon (7/15)             Temple (0/1) D:4         Ossuary (visited)
 Bailey (1/1)

Shops:
D:6 :


Innate Abilities, Weirdness & Mutations

You have an increased reservoir of magic. (+10% MP)
You shall have no god before yourself.
Your divine heritage dramatically boosts your attributes as you level up.
Your flesh is very cold resistant. (rC++)
Your system is resistant to poisons. (rPois)
You occasionally shout uncontrollably at your foes.


Message History

a +0 hand axe; a +0 leather armour You can't see any susceptible monsters within range! (Use Z to cast anyway.)
Casting: Iskenderun's Mystic Blast (dangerous; 2% risk of failure)
Confirm with . or Enter, or press ? or * to list all spells.
You can't see any susceptible monsters within range! (Use Z to cast anyway.)
Casting: Iskenderun's Mystic Blast (dangerous; 2% risk of failure)
Confirm with . or Enter, or press ? or * to list all spells.
Aiming: Stone Arrow (safe; 1% risk of failure)
Press: ? - help, Shift-Dir - straight line, f/p - orc warlord
Aim: an orc warlord, wielding a +5 executioner's axe and wearing a +0 chain mail (severely wounded, 84% to hit)
The stone arrow hits the orc warlord!!
The orc warlord is almost dead.
Unknown command.
Casting: Stone Arrow (safe; 1% risk of failure)
Confirm with . or Enter, or press ? or * to list all spells.
Aiming: Stone Arrow (safe; 1% risk of failure)
Press: ? - help, Shift-Dir - straight line, f/p - orc warlord
Aim: an orc warlord, wielding a +5 executioner's axe and wearing a +0 chain mail (almost dead, 84% to hit)
The stone arrow hits the orc warlord.
The orc warlord is almost dead.
Unknown command.
Unknown command.
Casting: Stone Arrow (safe; 1% risk of failure)
Confirm with . or Enter, or press ? or * to list all spells.
You erupt in a blast of force!
The mystic blast hits the orc warlord!
The orc warlord is almost dead.
The orc warlord is knocked back by the mystic blast.
The orc warlord collides with the goblin!
You kill the goblin!
Unknown command.
There is an open door here.
The orc warlord attacks as you move away!
The orc warlord hits you with a +5 executioner's axe!
The orc warlord attacks as you move away!
The orc warlord hits you with a +5 executioner's axe!!!
Ouch! That really hurt!
* * * LOW HITPOINT WARNING * * *
The orc warlord attacks as you move away!
The orc warlord hits you with a +5 executioner's axe!!
You die...

#.......# ##...).).##
#...)..)..# ##.........##
#######.....⌠.....####
##.....##).......)##...
#.......'.....))..)....
##......o##.......##))..
#......@..#.......#.)...
##.........##.....##..g..
#.....⌠.....#######..o..⌠
#.........## ##.....
#.......).# #.....
##.......## ##....
#.......# #.... ##.....##
##... ##)#### ####


You could see an orc warlord.

Vanquished Creatures
  An orc knight (Bailey)
  14 orc warriors
  A black bear (D:6)
  An ice beast (D:6)
  A sky beast (D:6)
  2 hornet zombies (Ossuary)
  The ghost of MartinW the Grasshopper, an amateur GnWr (D:3)
  An ogre (D:7)
  A bullfrog (D:6)
  A gnoll sergeant (D:7)
  5 scorpions
  3 wyvern zombies
  2 water moccasin zombies (Ossuary)
  A howler monkey (D:6)
  5 electric eels (D:6)
  3 bullfrog zombies (Ossuary)
  2 centaur zombies (Ossuary)
  A gnoll bouda (D:6)
  2 jellies
  6 orc priests
  A hound (D:6)
  2 bullfrog skeletons (D:3)
  2 sleepcaps
  3 orc wizards
  3 killer bee zombies (Ossuary)
  16 mummies
  2 howler monkey zombies (Ossuary)
  14 gnolls
  A howler monkey skeleton (D:3)
  9 adders
  A shadow imp (D:5)
  2 ufetubi
  3 worms
  27 orcs
  4 endoplasms
  6 giant cockroaches
  15 goblins
  15 hobgoblins
  20 jackals
  A kobold (D:4)
  4 quokkas
  6 ball pythons
  5 bats
  A frilled lizard (D:1)
  A goblin zombie (D:4)
  An orc zombie (D:4)
  4 rats
223 creatures vanquished.

Notes
Turn   | Place    | Note
-------+----------+-------------------------------------------
     0 | D:1      | McKennaii the Demigod Conjurer began the quest for the Orb.
     0 | D:1      | Reached XP level 1. HP: 14/14 MP: 5/5
   129 | D:1      | Identified 3 scrolls of acquirement
   129 | D:1      | Acquired the amulet "Diuj" {Reflect Str+6 Int+5 SH+5}
   139 | D:1      | Acquired the +2 hat of Kikubaaqudgha's Wrath {Drain Str+3
                  | SInv}
   140 | D:1      | Acquired the ring "Forget-Me-Not" {rElec rN+}
   356 | D:1      | Reached XP level 2. HP: 17/20 MP: 2/7
   529 | D:1      | Reached skill level 4 in Conjurations
  1205 | D:2      | Learned a level 2 spell: Searing Ray
  1371 | D:2      | Reached XP level 3. HP: 26/26 MP: 5/9
  1787 | D:2      | Reached XP level 4. HP: 33/33 MP: 6/11
  1792 | D:2      | Learned a level 4 spell: Iskenderun's Mystic Blast
  2751 | D:3      | Found a runed translucent gate.
  2751 | D:3      | Found a runed translucent gate.
  2751 | D:3      | Found a runed translucent gate.
  2757 | D:3      | Noticed MartinW's ghost (amateur GnWr)
  3145 | D:4      | Reached skill level 5 in Conjurations
  3145 | D:4      | Reached XP level 5. HP: 38/38 MP: 2/13
  3469 | D:4      | Found a sand-covered staircase.
  3555 | D:4      | Found a staircase to the Ecumenical Temple.
  3594 | Ossuary  | Entered an ossuary
  3696 | Ossuary  | Reached XP level 6. HP: 40/45 MP: 4/15
  3986 | Ossuary  | Reached skill level 6 in Conjurations
  4153 | Ossuary  | Reached XP level 7. HP: 35/50 MP: 11/17
  4216 | Ossuary  | Reached skill level 5 in Spellcasting
  4441 | Ossuary  | HP: 2/50 [killer bee zombie (4)]
  4800 | Ossuary  | Reached skill level 7 in Conjurations
  5155 | D:4      | Reached XP level 8. HP: 57/57 MP: 16/20
  5161 | D:4      | Learned a level 5 spell: Freezing Cloud
  5613 | D:5      | Entered Level 5 of the Dungeon
  6289 | D:3      | Killed MartinW's ghost
  6482 | D:6      | Reached skill level 8 in Conjurations
  6691 | D:6      | Found Xixtot's Book Boutique.
  6702 | D:6      | Bought a book of Geomancy for 252 gold pieces
  6706 | D:6      | Learned a level 3 spell: Stone Arrow
  7416 | D:6      | Reached XP level 9. HP: 62/62 MP: 16/24
  7473 | D:6      | Reached skill level 9 in Conjurations
  8167 | D:7      | Identified the +8 trident "Idaugra" {freeze, Stlth+}
  8368 | D:7      | Found a flagged portal.
  8464 | Bailey   | Entered a bailey
  9175 | Bailey   | Identified the +0 chain mail of Saogadd {rC+ rN+++ Str+2
                  | Int-2}
  9315 | Bailey   | Reached skill level 10 in Conjurations
  9318 | Bailey   | Noticed an orc knight
  9350 | Bailey   | Gained mutation: You occasionally lose the ability to read
                  | scrolls when taking damage. [potion of mutation]
  9350 | Bailey   | Gained mutation: You are covered in fur. (AC +1) [potion of
                  | mutation]
  9370 | Bailey   | Killed an orc knight
  9372 | Bailey   | Lost mutation: You are covered in fur. (AC +1) [potion of
                  | mutation]
  9372 | Bailey   | Lost mutation: You occasionally lose the ability to read
                  | scrolls when taking damage. [potion of mutation]
  9372 | Bailey   | Gained mutation: Your flesh is cold resistant. (rC+)
                  | [potion of mutation]
  9372 | Bailey   | Gained mutation: You occasionally shout uncontrollably at
                  | your foes. [potion of mutation]
  9372 | Bailey   | Gained mutation: Your system is resistant to poisons.
                  | (rPois) [potion of mutation]
  9372 | Bailey   | Gained mutation: Your flesh is very cold resistant. (rC++)
                  | [potion of mutation]
  9743 | Bailey   | Reached XP level 10. HP: 64/69 MP: 16/27
  9845 | Bailey   | Noticed an orc warlord
  9888 | Bailey   | Slain by an orc warlord

Illustrated notes

Levels and vault maps discovered:
D:1:      spicycebolla_arrival_ecumenical, layout_loops_ring
D:2:      layout_basic
D:3:      layout_rooms, mainiacjoe_overflow_paths, gammafunk_ghost_necromancy
D:4:      layout_rooms, tso_metal_star, mainiacjoe_overflow_catwalk,
          elyvilon_altar_5, minmay_temple_entry_stoned_glass,
          nicolae_ossuary_entry_giza, minmay_misc_feat_square, minivault_4
D:5:      layout_basic
D:6:      kennysheep_six_static_rooms, layout_basic, serial_shops,
          nicolae_shop_stone, serial_bayou_lagoon_b
D:7:      layout_basic, enter_bailey_2
Bailey:   bailey_axe_minmay_hex_keep, bailey

Skill      XL: |  1  2  3  4  5  6  7  8  9 |
---------------+----------------------------+-----
Spellcasting   | 2 3 4 6 7 9 |  9.2
Conjurations   | 4 5 6 7 8 10 | 10.5
Dodging        | |  1.7
Stealth        | |  1.7

Action                     |  1- 3 |  4- 6 |  7- 9 | 10-12 || total
---------------------------+-------+-------+-------+-------++-------
  Melee: Unarmed           |    23 |       |       |       ||    23
         Punch             |     1 |       |     1 |       ||     2
         Morningstar       |       |    20 |    31 |       ||    51
         Trident           |       |       |     5 |       ||     5
   Cast: Magic Dart        |    81 |    81 |   180 |       ||   342
         Searing Ray       |     1 |    23 |    74 |       ||    98
         Iskenderun's Myst |       |       |    22 |     4 ||    26
         Stone Arrow       |       |       |       |     7 ||     7
    Use: Scroll            |     3 |       |     8 |       ||    11
         Potion            |       |       |     3 |       ||     3
 Armour: Robe              |    12 |    21 |    24 |       ||    57
  Dodge: Dodged            |    29 |    33 |    86 |       ||   148
  Block: Other             |    11 |    17 |    33 |       ||    61
